 Dungeon Crawl Stone Soup version 0.29-a0-870-g2c972031a6 (webtiles) character file.

Game seed: 3483714987602317484

199 Spectrina the Magician (level 6, -2/42 HPs)
             Began as a Djinni Arcane Marksman on July 17, 2022.
             Was a Believer of Makhleb.
             Slain by an iguana (7 damage)
             ... on level 4 of the Dungeon.
             The game lasted 00:16:32 (1514 turns).

Spectrina the Magician (Djinni Arcane Marksman)     Turns: 1514, Time: 00:16:33

Health: -2/42      AC:  2    Str:  9    XL:     6   Next: 6%
Gold:   73         EV: 12    Int: 23    God:    Makhleb [**....] SH:  0 Dex: 13

rFire   + + +      SeeInvis .   b - +4 whip
rCold   . . .      Faith    .   (no shield)
rNeg    . . .      Spirit   .   c - +0 robe
rPois   ∞          Reflect  .   (helmet currently unavailable)
rElec   +          Harm     .   (no cloak)
rCorr   +          Rampage  .   (no gloves)
Will    .....                   (boots unavailable)
Stlth   +.........              f - amulet of the acrobat
HPRegen 0.14/turn               l - +6 ring of intelligence
MPRegen 0.00/turn               (no ring)

@: appendages, resistant, flying
A: horns 2, flying, sickness immunity, fire resistance 2, cold vulnerability 1,
float, innate caster, HP casting, extra vitality 1
a: End Transformation, Renounce Religion, Minor Destruction


You were on level 4 of the Dungeon.
You worshipped Makhleb.
Makhleb was pleased with you.
You had temporarily grown beastly horns.
You visited 1 branch of the dungeon, and saw 4 of its levels.
You also visited: Sewer.

You collected 73 gold pieces.

Inventory:

Hand Weapons
 a - a +0 sling
 b - a +4 whip (weapon)
 d - a +0 short sword
Missiles
 e - 5 curare-tipped darts
 r - 3 boomerangs
Armour
 c - a +0 robe (worn)
Jewellery
 f - an amulet of the acrobat (around neck)
 l - a +6 ring of intelligence (left hand)
Scrolls
 g - a scroll of teleportation
 i - a scroll of immolation
 j - 2 scrolls of fog
 k - a scroll of fear
 m - a scroll of poison
 q - 3 scrolls of vulnerability
Potions
 h - a potion of might
 n - a potion of resistance


   Skills:
 - Level 1.0 Fighting
 - Level 1.5 Ranged Weapons
 - Level 2.1 Dodging
 * Level 4.8 Spellcasting


You couldn't memorise any spells.
You knew the following spells:

 Your Spells              Type           Power      Damage    Failure   Level
a - Slow                  Hex            100%       N/A       1%          1
i - Inner Flame           Hex/Fire       28%        N/A       3%          3
m - Cause Fear            Hex            14%        N/A       13%         4
q - Beastly Appendage     Tmut           56%        N/A       1%          1
w - Wereblood             Tmut           28%        N/A       1%          2
y - Portal Projectile     Hex/Tloc       56%        N/A       3%          3
Your spell library was empty.

Dungeon Overview and Level Annotations

Branches:
Dungeon (4/15)              Sewer (visited)
 Temple: D:4-7

Altars:
Makhleb


Innate Abilities, Weirdness & Mutations

You have temporarily grown beastly horns.
You are flying.
You are immune to sickness and miasma.
You are immune to poison.
Your flesh is very heat resistant. (rF++)
You are vulnerable to cold. (rC-)
You float through the air rather than walking.
You learn spells naturally, not from books.
Your magical power is your life essence.
You have superior vitality. (+4 MHP)


Message History

The gnoll completely misses you.
Unknown command.
You hit the gnoll.
The gnoll is heavily wounded.
The gnoll hits you with a +0 spear!
* * * LOW HITPOINT WARNING * * *
You closely miss the gnoll.
The gnoll is heavily wounded.
The gnoll hits you with a +0 spear.
* * * LOW HITPOINT WARNING * * *
You hit the gnoll.
The gnoll is severely wounded.
The gnoll barely misses you.
You closely miss the gnoll.
The gnoll is severely wounded.
You closely miss the gnoll.
The gnoll is severely wounded.
The gnoll closely misses you.
It was a potion of resistance.
You feel protected. The gnoll misses you.
Unknown command.
You closely miss the gnoll.
The gnoll is severely wounded.
The gnoll hits you with a +0 spear.
* * * LOW HITPOINT WARNING * * *
You closely miss the gnoll. You headbutt the gnoll.
You kill the gnoll!
Makhleb accepts your kill.
You feel better.
You hit the iguana. You headbutt the iguana.
The iguana is heavily wounded.
The iguana barely misses you.
You hit the iguana.
The iguana is heavily wounded.
The iguana barely misses you.
You hit the iguana.
The iguana is heavily wounded.
The iguana bites you!
You die...

##.l##...# ..≈..≈⌠ .......#.#
..≈..≈g ........#.## ...≈g..
........#..# ...g...
........#.##....... ########
#####.....#....... #......#
#.#........... #.####.#
#l###.........
#.#..#.########@# ########..
#.#.............####
#.##.#.#########...#######
#.##.#.........'...'......
#.##.###########...#######
#.##.#.........'...'.....#
#.##.####.######...#####.#..#
#.##.# #.#....#...# #.#..#
##.##.# #.#.##.#...#####.#..#


You could see an iguana.

Vanquished Creatures
  A hound (D:4)
  A gnoll (D:4)
  4 river rats (Sewer)
  8 adders
  A worm (Sewer)
  9 bats
  7 giant cockroaches
  4 hobgoblins
  A jackal (Sewer)
  A kobold (D:3)
  2 quokkas
  7 ball pythons
  4 frilled lizards
  3 goblins
  2 rats
55 creatures vanquished.

Notes
Turn   | Place    | Note
-------+----------+-------------------------------------------
     0 | D:1      | Spectrina the Djinni Arcane Marksman began the quest for
                  | the Orb.
     0 | D:1      | Spectrina set off with the following spells memorised:
                  | Slow, Inner Flame, Portal Projectile, Cause Fear.
     0 | D:1      | Reached XP level 1. HP: 17/17 MP: 0/0
    72 | D:1      | Reached XP level 2. HP: 12/22 MP: 0/0
    98 | D:1      | Found a faded altar of an unknown god.
   105 | D:1      | Prayed at the altar of an unknown god.
   105 | D:1      | Became a worshipper of Makhleb the Destroyer
   105 | D:1      | Reached * piety under Makhleb
   196 | D:2      | Reached skill level 3 in Spellcasting
   476 | D:4      | Noticed a necrophage
   480 | D:4      | Reached XP level 3. HP: 3/27 MP: 0/0
   480 | D:4      | Learned a level 1 spell: Beastly Appendage
   561 | D:4      | Found a glowing drain.
   597 | D:4      | Reached XP level 4. HP: 2/32 MP: 0/0
   789 | Sewer    | Entered a sewer
   834 | Sewer    | Reached skill level 4 in Spellcasting
   887 | Sewer    | HP: 1/32 [adder (2)]
   889 | Sewer    | Reached XP level 5. HP: 1/37 MP: 0/0
   889 | Sewer    | Learned a level 2 spell: Wereblood
   922 | Sewer    | Reached ** piety under Makhleb
  1269 | Sewer    | HP: 1/37 [river rat (7)]
  1344 | Sewer    | HP: 1/37 [adder (1)]
  1348 | Sewer    | Reached XP level 6. HP: 2/42 MP: 0/0
  1514 | D:4      | Slain by an iguana

Illustrated notes

Levels and vault maps discovered:
D:1:      minmay_arrival_solitary_statue, layout_loops_cross,
          hellmonk_ecumenical_altar_blasted
D:2:      layout_basic, roderic_roman_lattice, ebering_dispersal_statue_hall,
          uniq_sigmund, uniq_robin, uniq_terence
D:3:      layout_basic, ebering_ghost_sewer_d, uniq_grinder
D:4:      cheibrodos_helix_gallery, layout_basic, minmay_temple_entry_grid,
          gup_sewer_entry_glass

Skill      XL: |  1  2  3  4 |
---------------+-------------+-----
Spellcasting   | 3 4 |  4.8
Fighting       | |  1.0
Ranged Weapons | |  1.5
Dodging        | |  2.1

Action                   |  1- 3 |  4- 6 || total
-------------------------+-------+-------++-------
Melee: Whip              |     8 |   100 ||   108
       Headbutt          |       |     7 ||     7
 Fire: Sling             |    55 |    75 ||   130
 Cast: Slow              |     5 |     4 ||     9
       Beastly Appendage |       |     5 ||     5
       Inner Flame       |       |     2 ||     2
       Wereblood         |       |     1 ||     1
  Use: Potion            |       |     5 ||     5
       Scroll            |       |     5 ||     5
 Stab: Sleeping          |       |     1 ||     1
Armor: Robe              |     7 |    32 ||    39
Dodge: Dodged            |    22 |   103 ||   125

Table legend: (Time is in decaauts)
 A = Elapsed time spent in this place.
 B = Non-inter-level travel time spent in this place.
 C = Inter-level travel time spent in this place.
 D = Time resting spent in this place.
 E = Time spent auto-exploring this place.
 F = Levels seen in this place.
 G = Mean time per level.
                   A        B        C        D        E       F      G
               +--------+--------+--------+--------+--------+-----+--------+
         Total |   1562 |   1495 |     67 |      0 |      0 |   5 |  312.4 |
       Dungeon |    873 |    806 |     67 |      0 |      0 |   4 |  218.2 |
         Sewer |    689 |    689 |      0 |      0 |      0 |   1 |  689.0 |
               +--------+--------+--------+--------+--------+-----+--------+

Top non-repeatable levels by time:
   Sewer: 689 daAuts
     D:4: 442 daAuts
     D:3: 198 daAuts
     D:1: 173 daAuts
     D:2: 58 daAuts
